 Dungeon Crawl Stone Soup version 0.29.1-15-g9cfb28693d (webtiles) character file.

Game seed: 1710152003438661362

1575 LLlMATKO the Trooper (level 8, -4/73 HPs)
             Began as a Minotaur Berserker on Apr 28, 2023.
             Was an Elder of Trog.
             Slain by a two-headed ogre
             ... wielding a +0 giant spiked club
              (22 damage)
             ... on level 5 of the Dungeon.
             The game lasted 00:05:41 (5176 turns).

LLlMATKO the Trooper (Minotaur Berserker)           Turns: 5176, Time: 00:05:42

Health: -4/73      AC: 14    Str: 22    XL:     8   Next: 60%
Magic:  7/7        EV: 10    Int:  4    God:    Trog [****..]
Gold:   212        SH:  0    Dex: 12    Spells: 7/7 levels left

rFire   . . .      SeeInvis .   y - +0 war axe (venom)
rCold   . . .      Faith    .   (no shield)
rNeg    . . .      Spirit   .   f - +1 chain mail
rPois   .          Reflect  .   (helmet restricted)
rElec   .          Harm     .   (no cloak)
rCorr   .          Rampage  .   p - +0 pair of gloves
Will    .....                   r - +0 pair of boots
Stlth   ..........              (no amulet)
HPRegen 0.22/turn               (no ring)
MPRegen 0.10/turn               (no ring)

@: no status effects
A: horns 2, retaliatory headbutt
a: Renounce Religion, Berserk, Trog's Hand, Brothers in Arms


You were on level 5 of the Dungeon.
You worshipped Trog.
Trog was greatly pleased with you.
You visited 1 branch of the dungeon, and saw 5 of its levels.
You also visited: Sewer.

You collected 212 gold pieces.

Inventory:

Hand Weapons
 y - a +0 war axe of venom (weapon)
Missiles
 b - a throwing net
 d - 22 poisoned darts (quivered)
 x - 3 datura-tipped darts
Armour
 f - a +1 chain mail (worn)
 p - a +0 pair of gloves (worn)
 r - a +0 pair of boots (worn)
Jewellery
 s - a ring of protection from cold
 t - a +4 ring of protection
Wands
 c - a wand of roots (13)
 l - a wand of mindburst (9)
 B - a wand of polymorph (11)
Scrolls
 h - 2 scrolls of enchant armour
 m - a scroll of summoning
 n - a scroll of magic mapping {unknown}
 q - 2 scrolls of identify {unknown}
 w - a scroll of immolation {unknown}
 A - a scroll of amnesia {unknown}
Potions
 a - a potion of flight {unknown}
 e - a potion of brilliance {unknown}
 g - 2 potions of might {unknown}
 i - 3 potions of haste {unknown}
 j - 2 potions of heal wounds {unknown}
 k - 3 potions of curing {unknown}
 o - a potion of invisibility {unknown}
 u - a potion of lignification {unknown}
 v - 2 potions of magic {unknown}
 z - a potion of ambrosia {unknown}


   Skills:
 + Level 7.4 Fighting
 + Level 7.4 Axes
 + Level 7.0 Armour
 + Level 6.2 Dodging


You had 7 spell levels left.
You didn't know any spells.
Your spell library was empty.

Dungeon Overview and Level Annotations

Branches:
Dungeon (5/15)              Sewer (visited)
 Temple: D:4-7

Altars:
Gozag
Nemelex Xobeh
Ru
Zin

Shops:
D:4 *


Innate Abilities, Weirdness & Mutations

You have a pair of horns on your head.
You reflexively headbutt those who attack you in melee.


Message History

Found a stone staircase leading up.
No target in view!
B - a wand of polymorph (11) No target in view!
Found 8 stones.
No target in view!
You now have 200 gold pieces (gained 16).
Found 7 stones.
No target in view!
You now have 212 gold pieces (gained 12).
q - 2 scrolls labelled JUBRUN LIEMN (gained 1)
You see here 7 stones.
Found 4 stones.
No target in view!
Key pressed, stopping explore.
No target in view!
You see here a +0 falchion.
A two-headed ogre comes into view.
It is wielding a +0 giant spiked club and a +0 dire flail.
The two-headed ogre shouts in stereo!
Found 17 gold pieces.
The two-headed ogre closely misses you.
The two-headed ogre hits you with a +0 dire flail!
You slash the two-headed ogre!
The two-headed ogre is poisoned.
You headbutt the two-headed ogre!
The two-headed ogre is moderately wounded.
You slash the two-headed ogre!
The two-headed ogre looks as sick as possible!
The two-headed ogre is heavily wounded.
The two-headed ogre hits you with a +0 giant spiked club!!
The two-headed ogre barely misses you.
You slash the two-headed ogre!
Your headbutt misses the two-headed ogre.
The two-headed ogre is severely wounded.
The two-headed ogre hits you with a +0 giant spiked club!!
* * * LOW HITPOINT WARNING * * *
The two-headed ogre hits you but does no damage.
You are too injured to fight recklessly!
The two-headed ogre attacks as you move away!
The two-headed ogre hits you with a +0 giant spiked club!!
You die...

#..#### #............. ####
#................
##..............$.
##.................
##.................#
##.................#
#...............>.#
##...............#
##.......@O.....# #####
#.#..........#.###...## #
######.###.......##..#.....##
# #..##.## ###...###
#........# # #.....## #####
###.....<..## # #......###
##...........# # #.....>..###
##............. #
#..........## #..............
# ##...........#
#..............


You could see a two-headed ogre (very poisoned).

Vanquished Creatures
  Grinder (D:3)
  Prince Ribbit (D:5)
  Sigmund (D:5)
  Eustachio (D:5)
  A steam dragon (D:5)
  A phantom (D:5)
  A necrophage (Sewer)
  A scorpion (D:4)
  2 wights (Sewer)
  A hound (D:4)
  An orc priest (D:5)
  Jessica (D:3)
  2 orc wizards
  2 iguanas
  Robin (D:4)
  4 gnolls (D:4)
  4 adders
  A river rat (D:3)
  4 shadow imps (Sewer)
  A white imp (D:5)
  3 ufetubi (Sewer)
  4 worms
  A dart slug (D:4)
  11 orcs
  7 bats
  8 endoplasms
  7 giant cockroaches
  14 goblins
  8 hobgoblins
  6 jackals
  5 quokkas
  7 ball pythons
  5 frilled lizards
  18 kobolds
  A kobold zombie (Sewer)
  7 rats
144 creatures vanquished.

Vanquished Creatures (others)
  2 plants (D:3)
2 creatures vanquished.

Grand Total: 146 creatures vanquished

Notes
Turn   | Place    | Note
-------+----------+-------------------------------------------
     0 | D:1      | LLlMATKO the Minotaur Berserker began the quest for the
                  | Orb.
     0 | D:1      | Reached XP level 1. HP: 19/19 MP: 0/0
   426 | D:1      | Reached XP level 2. HP: 27/27 MP: 1/1
  1103 | D:2      | Reached XP level 3. HP: 29/33 MP: 2/2
  1140 | D:2      | Reached ** piety under Trog
  1469 | D:2      | Found a faded altar of an unknown god.
  1668 | D:3      | Reached XP level 4. HP: 24/41 MP: 3/3
  1699 | D:3      | Found a glowing drain.
  1739 | Sewer    | Entered a sewer
  1875 | Sewer    | Reached *** piety under Trog
  2071 | Sewer    | Reached XP level 5. HP: 45/47 MP: 4/4
  2082 | Sewer    | Found an ancient bone altar of Kikubaaqudgha.
  2165 | Sewer    | Reached skill level 5 in Fighting
  2165 | Sewer    | Reached skill level 5 in Axes
  2204 | Sewer    | Reached XP level 6. HP: 51/56 MP: 5/5
  2377 | D:3      | Found a glowing silver altar of Zin.
  2527 | D:3      | Found a sparkling altar of Nemelex Xobeh.
  2606 | D:3      | Noticed Jessica
  2610 | D:3      | Killed Jessica
  2766 | D:3      | Noticed Grinder
  2774 | D:3      | Killed Grinder
  2775 | D:3      | Reached skill level 5 in Armour
  2775 | D:3      | Reached XP level 7. HP: 39/62 MP: 6/6
  3321 | D:4      | Found a sacrificial altar of Ru.
  3322 | D:4      | Noticed Robin
  3336 | D:4      | Killed Robin
  3396 | D:4      | Reached **** piety under Trog
  3550 | D:4      | Found Ekhauth's General Store.
  3600 | D:4      | Found an opulent altar of Gozag.
  3626 | D:4      | Reached skill level 5 in Dodging
  4164 | D:5      | Entered Level 5 of the Dungeon
  4164 | D:5      | Noticed Eustachio
  4175 | D:5      | Killed Eustachio
  4218 | D:5      | Noticed Sigmund
  4225 | D:5      | Reached XP level 8. HP: 71/71 MP: 7/7
  4233 | D:5      | Killed Sigmund
  4712 | D:5      | Noticed Prince Ribbit
  4719 | D:5      | Killed Prince Ribbit
  5166 | D:5      | Noticed a two-headed ogre
  5176 | D:5      | Slain by a two-headed ogre

Illustrated notes

Levels and vault maps discovered:
D:1:      eino_arrival_water_star, layout_loops_ring, minivault_26
D:2:      layout_rooms, dreamdust_ecumenical_altar_grove, minmay_door_square
D:3:      cheibrodos_old_hovel, layout_rooms, nemelex_spade_bored_becter,
          mainiacjoe_overflow_paths, portal_sewer_entry_b, serial_curves,
          eino_curves_03, eino_curves_03, uniq_jessica, uniq_grinder
D:4:      layout_loops_ring, mainiacjoe_overflow_catch_the_wave, serial_shops,
          shop, roderic_serpentine_path, uniq_robin
D:5:      layout_cave_pods, uniq_eustachio, uniq_prince_ribbit1, uniq_sigmund

Skill      XL: |  1  2  3  4  5  6  7  8 |
---------------+-------------------------+-----
Fighting       | 4 5 6 7 |  7.4
Axes           | 4 5 6 7 |  7.4
Armour         | 3 4 5 6 7 |  7.0
Dodging        | 3 4 5 6 |  6.2

Action                   |  1- 3 |  4- 6 |  7- 9 || total
-------------------------+-------+-------+-------++-------
Melee: Hand axe          |    82 |   111 |   112 ||   305
       Headbutt          |    10 |    23 |    26 ||    59
       Punch             |     1 |       |       ||     1
       War axe           |       |       |    22 ||    22
Invok: Berserk           |       |     3 |     4 ||     7
  Use: Scroll            |     5 |       |       ||     5
Armor: Chain mail        |    41 |    74 |    60 ||   175
Dodge: Dodged            |    35 |    67 |    69 ||   171
